Unix NetHack Version 3.7.0-80 Work-in-progress - last build Mar 27 2023 11:19:28 (84ec4a96b1085377d1623a66bb533b5851a641e4,branch:master). Game began 2023-03-31 09:49:11, ended 2023-03-31 14:48:55. moulin, neutral male gnomish Wizard #--------------------------------- ------------ #|..`......%............%........| |..........| #|...-----------.---------------.| |..........|# #|...|...(|....+.|((((| |%...|.| #...........|# #|...-....|....|.-..((| |....|.| #--------.---# #|...|...(|......|(.((| |....-.| # ###[##### #|...|--------.-.-------+-------%| # ## # #|..(|..!|....|....{.............| # #### ### ------ #|...|.%%|.(..|[..@(..-----|----.| ### # # ## |....| %|...|%.%|@...|.......| ..|..|.-########%## # |...(.####|...|...|....|{......| |..|..|.|##### -.- # ## |...>| #|...---|----|-.......-+-----+--^|# # #|...|# #---.- |....| #|........@..a@...)..............|# # #|...|# #|...| |....|####|......--)-|--.......----..----.|### ....| #-[..| |.....# #|......|..|..|.......-..|..| +.+## |...| #|<[.| ------ #|......|).|..|.......|..|..| |.|## |...| #|..[| ##---------------------------- ---## ----- ####....| ###############%##########)))######## ----- Moulin the Thaumaturge St:17 Dx:13 Co:15 In:19 Wi:13 Ch:10 Neutral S:21082 Dlvl:7 $:0 HP:0(49) Pw:21(76) AC:1 Xp:9/4464 T:10736 Latest messages: Pick an object. The Woodland-elf shoots 2 elven arrows! The 1st elven arrow misses you. The 2nd elven arrow misses you. The Woodland-elf shoots 3 elven arrows! You are hit by the 1st elven arrow! The 2nd elven arrow misses you. You are hit by the 3rd elven arrow! You see here 3 elven arrows. In what direction? h The spell misses the soldier ant. t - a blessed thonged club (tethered weapon in hand). What do you want to throw? [atB or ?*] t In what direction? h The thonged club hits the soldier ant. The thonged club returns to your hand! What do you want to throw? [atB or ?*] t In what direction? h The thonged club hits the soldier ant. The thonged club returns to your hand! What do you want to throw? [atB or ?*] t In what direction? h The thonged club hits the soldier ant. The thonged club returns to your hand! You hit the soldier ant. The soldier ant bites! The soldier ant stings! In what direction? . You feel better. The soldier ant bites! The soldier ant stings! In what direction? h The spell hits the soldier ant! The Woodland-elf throws a runed spear! The runed spear hits the soldier ant. The soldier ant misses! The soldier ant stings! In what direction? h The spell misses the soldier ant. The spell hits the Woodland-elf! The soldier ant bites! The soldier ant stings! What do you want to zap? [npquyAHIUW or ?*] ? Nothing happens. The Woodland-elf drinks a potion of healing! The Woodland-elf looks better. The soldier ant bites! The soldier ant stings! You die... Do you want your possessions identified? [ynq] (y) q Inventory: Amulets Y - an uncursed amulet versus poison (being worn) Weapons B - a +0 dart t - a blessed +0 aklys (tethered weapon in hand) a - a blessed +2 quarterstaff (alternate weapon; not wielded) Armor M - a blessed greased +1 orcish helm (being worn) X - an uncursed +0 pair of gauntlets of dexterity (being worn) F - a blessed +0 pair of high boots (being worn) w - an uncursed greased +0 cloak of magic resistance (being worn) f - an uncursed +0 studded leather armor (being worn) Comestibles J - an uncursed lizard corpse Rings R - an uncursed ring of shock resistance (on left hand) Wands I - a wand of digging (0:6) U - a wand of digging (0:5) H - a wand of digging (0:4) n - a wand of light (0:10) p - a wand of magic missile (0:0) W - a wand of speed monster (0:7) u - a wand of speed monster (0:5) y - a wand of striking (0:3) q - a wand of teleportation (0:0) A - a wand of undead turning (0:5) Tools b - an uncursed bag of holding containing 40 items z - a fire horn (0:0) v - an uncursed blindfold N - an uncursed magic lamp k - an uncursed skeleton key s - an uncursed stethoscope h - a +0 unicorn horn Gems/Stones r - an uncursed luckstone Contents of the bag of holding: 2596 gold pieces an uncursed +0 pair of water walking boots an uncursed +0 small shield 2 uncursed slime molds an uncursed carrot 5 uncursed food rations an uncursed pear an uncursed sprig of wolfsbane 5 uncursed tripe rations 2 uncursed lichen corpses an uncursed lizard corpse an uncursed scroll of confuse monster a blessed scroll of earth a cursed scroll of earth 2 uncursed scrolls of light an uncursed scroll of create monster 2 uncursed scrolls of teleportation 8 uncursed potions of water a potion of unholy water a blessed potion of object detection an uncursed potion of object detection an uncursed ring of teleport control an uncursed ring of searching an uncursed ring of aggravate monster named c an uncursed ring of levitation an uncursed +2 ring of gain strength an uncursed ring of protection from shape changers an uncursed ring of conflict an uncursed ring of poison resistance an uncursed ring of see invisible an uncursed ring of sustain ability an empty uncursed sack 2 uncursed opals an uncursed amethyst stone 2 uncursed diamonds 2 uncursed emeralds an uncursed jacinth stone an uncursed agate stone an uncursed worthless piece of red glass an uncursed luckstone Moulin the Wizard's attributes: Background: You were a Thaumaturge, a level 9 male gnomish Wizard. You were neutral, on a mission for Thoth who was opposed by Ptah (lawful) and Anhur (chaotic). You were in the Gnomish Mines, on level 7. You entered the dungeon 10736 turns ago. You had 4464 experience points, 656 more were needed to attain level 10. Your score was 21082 before end-of-game adjustments. Basics: You had 0 out of 49 hit points. You had 21 out of 76 energy points (spell power). Your armor class was 1. Your wallet was empty, but you had 2596 zorkmids stashed away in your pack. Autopickup was off. Final Characteristics: Your strength was 17 (limit:18/50). Your dexterity was 13 (peak:14, limit:18). Your constitution was 15 (limit:18). Your intelligence was 19 (limit:19). Your wisdom was 13 (limit:18). Your charisma was 10 (limit:18). Final Status: You were not hungry. You were unencumbered. You were wielding a club. You were unskilled in club. Final Attributes: You were piously aligned. You were magic-protected. You were fire resistant. You were shock resistant. Your items were protected from electric shocks. You were poison resistant. You were telepathic. You had infravision. You could teleport. You were warded. You were fast. You were extremely lucky. You had extra luck. Bad luck did not time out for you. Good luck did not time out for you. You are dead. Miscellaneous: You encountered 1 bones level. Total elapsed playing time was 4 hours, 59 minutes and 42 seconds. Major events: Turn 1: moulin the neutral male gnomish Wizard entered the dungeon 900: attained the rank of Conjurer (level 3) 1778: entered the Gnomish Mines 1924: reached Mine Town 3059: attained the rank of Thaumaturge (level 6) 3388: acquired the Mines' End luckstone 6346: entered Sokoban 6573: completed 1st Sokoban level 7023: completed 2nd Sokoban level 7441: completed 3rd Sokoban level 8266: destroyed CogFleashysacks' ghost, the former Bandit 9907: completed 4th Sokoban level 10103: acquired the Sokoban bag of holding 10669: destroyed Kevkat's ghost, the former Thaumaturge 10736: killed by a soldier ant Vanquished creatures: 2 ghosts 2 giant mimics a large mimic a stalker 4 wargs a winter wolf 2 ettin mummies an ogre leader a wood golem a pyrolisk 3 tengu an ochre jelly a leocrotta an elf mummy a human mummy a red naga a Grey-elf 2 watchmen 2 chameleons a giant beetle 2 quivering blobs a cockatrice 2 winter wolf cubs an orc-captain an iron piercer a horse 2 ice vortices 2 black lights a gnome ruler 3 dwarf mummies a rust monster 3 owlbears a werewolf 4 lizards a chickatrice a jaguar a white unicorn 2 dust vortices 2 ravens a plains centaur a human zombie a Woodland-elf 6 soldier ants a fire ant a bugbear an imp a wood nymph 2 water nymphs a mountain nymph 2 rock moles 4 yellow lights a shrieker a violet fungus 3 gnome leaders 2 gnomish wizards 2 kobold mummies 2 elf zombies 2 ghouls a straw golem 6 giant ants a little dog 5 floating eyes a kitten 8 dwarves a homunculus a kobold shaman 12 hill orcs 3 rothes 2 rabid rats 2 centipedes 3 giant bats a monkey a werejackal 6 iguanas 16 killer bees 6 hobbits a large kobold a hobgoblin 6 giant rats a brown mold 2 yellow molds 2 red molds 15 gnomes 2 gnome zombies 5 geckos 5 jackals a fox 2 kobolds a goblin 3 grid bugs 3 bats 9 lichens 3 newts 235 creatures vanquished. No species were genocided or became extinct. Voluntary challenges: You read items or engraved 17 times. You never engraved Elbereth. You never genocided any monsters. You never polymorphed an object. You never changed form. You used no wishes. You did not violate any of the special Sokoban rules. Achievements: You entered a shop. You attained the rank of Conjurer. You entered the Gnomish Mines. You entered Minetown. You entered a temple. You attained the rank of Thaumaturge. You completed the Gnomish Mines. You entered Sokoban. You completed Sokoban. The Dungeons of Doom: levels 1 to 6 Level 1: "$" Level 2: A general store. Level 3: A general store, a fountain. Level 4: Many fountains. Stairs down to The Gnomish Mines. Level 5: "oracle" Many fountains. Level 6: A general store. Stairs up to Sokoban, level 5. The Gnomish Mines: levels 5 to 12 Level 5: Level 6: Level 7: "white uni" <- You were here. Many shops, a temple, some fountains, a grave. Final resting place for you, killed by a soldier ant, CogFleashysacks-Bar-Hum-Mal-Neu, killed by a rothe, Kevkat-Wiz-Elf-Fem-Cha, killed by a soldier ant. Level 8: Level 9: Level 10: Level 11: Level 12: "grey uni" A fountain. Sokoban: levels 5 up to 2 Level 2: Solved. Level 3: Solved. Level 4: Solved. Level 5: Solved. Game over: ---------- / \ / REST \ / IN \ / PEACE \ / \ | moulin | | 2596 Au | | killed by a | | soldier ant | | | | | | 2023 | *| * * * | * _________)/\\_//(\/(/\)/\//\/|_)_______ Goodbye moulin the Wizard... You died in The Gnomish Mines on dungeon level 7 with 20823 points, and 2596 pieces of gold, after 10736 moves. You were level 9 with a maximum of 49 hit points when you died.